 Dungeon Crawl Stone Soup version 0.30.0-20-g3615ddf2f0 (webtiles) character file.

Game seed: 15079108369247182574

66 qw the Chopper (level 4, -5/28 HPs)
             Began as a Gargoyle Fighter on May 31, 2023.
             Constricted to death by Natasha (6 damage)
             ... on level 2 of the Dungeon.
             The game lasted 00:00:36 (1327 turns).

qw the Chopper (Gargoyle Fighter)                   Turns: 1327, Time: 00:00:36

Health: -5/28      AC: 10    Str: 20 (22) XL:     4   Next: 15%
Magic:  4/4        EV:  6    Int:  7 (8)  God:
Gold:   61         SH:  4    Dex:  9      Spells: 3/3 levels left

rFire   . . .        Y - +1 war axe
rCold   . . .        c - +0 buckler
rNeg    + . .        b - +0 scale mail
rPois   inf          (no helmet)
rElec   +            (no cloak)
rCorr   .            (no gloves)
SInv    .            (no boots)
Will    .....        (no amulet) Stlth
                     (no ring)
HPRegen 0.24/turn    (no ring)
MPRegen 0.09/turn

%: no passive effects
@: grasped by roots, constricted
A: sickness immunity, AC +3, negative energy resistance 1, electricity
resistance, torment resistance 1, petrification resistance
a: no special abilities


You were on level 2 of the Dungeon.
You visited 1 branch of the dungeon, and saw 2 of its levels.

You collected 61 gold pieces.


Innate Abilities, Weirdness & Mutations

You are immune to sickness and miasma.
Your stone body is resilient. (AC +3)
You are immune to poison.
You resist negative energy. (rN+)
You are resistant to electric shocks. (rElec)
You are resistant to unholy torment.
You are immune to petrification.


   Skills:
 - Level 3.2 Fighting
 + Level 3.9 Axes
 - Level 3.2 Armour
 - Level 3.2 Shields


You had 3 spell levels left.
You didn't know any spells.
Your spell library was empty.

Inventory:

Hand Weapons
 e - a +0 mace
 Y - a +1 war axe (weapon)
Armour
 b - a +0 scale mail (worn)
 c - a +0 buckler (worn)
Scrolls
 h - a scroll of identify {unknown}
 j - a scroll of torment {unknown}
Potions
 a - a potion of cancellation {unknown}
 d - a potion of might
 f - 2 potions of mutation {unknown}
 g - a potion of magic {unknown}
 i - a potion of curing {unknown}

Dungeon Overview and Level Annotations

Branches:
Dungeon (2/15)

Altars:

Annotations:
D:2 Natasha


Message History

Natasha is unaffected.
The cerulean imp is unaffected.
The grasping roots constrict you.
The cerulean imp hits you but does no damage.
You hear a shout!
Enter note:
Enter note:
Enter note:
Enter note: You closely miss Natasha.
You barely miss the cerulean imp. Natasha claws you!
The grasping roots constrict you.
The cerulean imp hits you but does no damage.
You closely miss Natasha.
You hit the cerulean imp but do no damage.
Natasha casts a spell.
The grasping roots constrict you.
The cerulean imp hits you with a +2 spear.
Natasha completely misses you. The grasping roots constrict you.
The cerulean imp hits you with a +2 spear.
The grasping roots release their grip on you.
You hit Natasha.
Natasha is lightly wounded.
You closely miss the cerulean imp.
Natasha zaps a wand.
The roots erupt in riotous growth!
The grasping roots grab you!
Natasha is unaffected.
The cerulean imp is unaffected.
The grasping roots constrict you.
The cerulean imp hits you but does no damage.
The cerulean imp completely misses you.
You hear a shout!
You hit Natasha but do no damage.
Natasha is lightly wounded.
You hit the cerulean imp.
Natasha growls.
Natasha barely misses you. The grasping roots constrict you.
The cerulean imp hits you but does no damage. x2
You hit the cerulean imp.
The cerulean imp is severely wounded.
You slash Natasha! Natasha barely misses you. The grasping roots constrict you.
You die...

#####
#############...#
#.5@...........)#
#...h##########...#
#.!5. ##.## #....
#.# #.... ######.##
###.# #.......# #.
#.####..# ..
#.####..####
#..........#


You could see Natasha and 2 cerulean imps.

Vanquished Creatures
  Natasha (D:2)
  An adder (D:2)
  A worm (D:2)
  A ball python (D:1)
  2 bats (D:1)
  An endoplasm (D:1)
  2 giant cockroaches (D:1)
  2 goblins
  3 hobgoblins
  3 jackals (D:2)
  3 quokkas (D:1)
  A frilled lizard (D:1)
  3 kobolds (D:1)
  3 rats
27 creatures vanquished.

Notes
Turn   | Place    | Note
-------+----------+-------------------------------------------
     0 | D:1      | qw the Gargoyle Fighter began the quest for the Orb.
     0 | D:1      | Reached XP level 1. HP: 14/14 MP: 1/1
     0 | D:1      | 0 ||| qw: Version: 0.2-a-102-gfc559e5
     0 | D:1      | 0 ||| qw: Game counter: 545
     0 | D:1      | 0 ||| qw: Always use a shield: true
     0 | D:1      | 0 ||| qw: God list: Okawaru
     0 | D:1      | 0 ||| qw: Allow faded altars: false
     0 | D:1      | 0 ||| qw: Do Orc after D:15 true
     0 | D:1      | 0 ||| qw: Do second Lair branch before Depths: true
     0 | D:1      | 0 ||| qw: Lair rune preference: random
     0 | D:1      | 0 ||| qw: Plans: Normal, Zot:1-4, Slime:5, God:TSO, Crypt,
                  | Tomb, Pan, Hells, Abyss, Win
     0 | D:1      | 0 ||| PLANNING D:1-11
    30 | D:1      | 30 ||| Stepping ~*~*~tactically~*~*~ (hiding).
   249 | D:1      | Reached XP level 2. HP: 19/19 MP: 2/2
   492 | D:1      | 492 ||| Stepping ~*~*~tactically~*~*~ (stealth).
   921 | D:1      | Reached skill level 3 in Axes
   930 | D:1      | 930 ||| READING scroll labelled NAMAETR FUTOTU.
   931 | D:1      | 931 ||| READING scroll labelled EDAOQA OQIOPU.
   932 | D:1      | 932 ||| READING scroll labelled URATAL HUSO.
   933 | D:1      | 933 ||| DRINKING 2 purple potions.
   934 | D:1      | 934 ||| DROPPING potion of degeneration.
   959 | D:2      | Reached XP level 3. HP: 23/23 MP: 3/3
  1175 | D:2      | Noticed Natasha
  1182 | D:2      | HP: 5/23 [constriction (6)]
  1183 | D:2      | Killed Natasha
  1224 | D:2      | 1224 ||| FLEEEEING.
  1225 | D:2      | 1225 ||| FLEEEEING.
  1226 | D:2      | 1226 ||| FLEEEEING.
  1227 | D:2      | 1227 ||| FLEEEEING.
  1228 | D:2      | 1228 ||| FLEEEEING.
  1230 | D:2      | 1230 ||| FLEEEEING.
  1231 | D:2      | 1231 ||| FLEEEEING.
  1232 | D:2      | 1232 ||| FLEEEEING.
  1233 | D:2      | 1233 ||| FLEEEEING.
  1234 | D:2      | 1234 ||| FLEEEEING.
  1235 | D:2      | 1235 ||| FLEEEEING.
  1236 | D:2      | 1236 ||| FLEEEEING.
  1237 | D:2      | 1237 ||| FLEEEEING.
  1238 | D:2      | 1238 ||| FLEEEEING.
  1239 | D:2      | 1239 ||| FLEEEEING.
  1240 | D:2      | 1240 ||| FLEEEEING.
  1241 | D:2      | 1241 ||| FLEEEEING.
  1242 | D:2      | 1242 ||| FLEEEEING.
  1243 | D:2      | 1243 ||| FLEEEEING.
  1274 | D:2      | 1274 ||| Stepping ~*~*~tactically~*~*~ (stealth).
  1281 | D:2      | Reached XP level 4. HP: 28/28 MP: 4/4
  1319 | D:2      | Noticed Natasha
  1324 | D:2      | HP: 4/28 [cerulean imp/+2 spear[Natasha] (6)]
  1326 | D:2      | HP: 1/28 [constriction (2)]
  1327 | D:2      | Constricted to death by Natasha

Levels and vault maps discovered:
D:1:      matt_arrival_spirals, layout_basic
D:2:      layout_loops_corners, nicolae_titane, uniq_natasha

Skill      XL: |  1  2 |
---------------+-------+-----
Axes           | 2 3 |  3.9
Fighting       | |  3.2
Armour         | |  3.2
Shields        | |  3.2

Action                     |  1- 3 |  4- 6 || total
---------------------------+-------+-------++-------
  Melee: War axe           |    73 |    15 ||    88
    Use: Scroll            |     3 |       ||     3
         Potion            |     1 |       ||     1
 Armour: Scale mail        |    27 |    14 ||    41
  Dodge: Dodged            |    33 |     9 ||    42
  Block: Buckler           |    15 |       ||    15

Table legend:
 A = Non-vault XP
 B = Vault XP
 C = Vault XP percentage of total XP
 D = Non-vault monster count
 E = Vault monster count
 F = Vault count percentage of total count
                 A         B        C        D         E       F
            +---------+---------+-------+---------+---------+-------
      Total |      59 |      36 |  37.9 |      26 |       1 |   3.7
            +---------+---------+-------+---------+---------+-------
        D:1 |      30 |       0 |   0.0 |      18 |       0 |   0.0
        D:2 |      29 |      36 |  55.4 |       8 |       1 |  11.1
            +---------+---------+-------+---------+---------+-------
